 Dungeon Crawl Stone Soup version 0.31-a0-188-g5e087ee2ca (webtiles) character file.

Game seed: 12538934255823188146

185 qw the Skirmisher (level 5, -1/29 HPs)
             Began as a Deep Elf Hunter on June 23, 2023.
             Slain by a sleepcap (3 damage)
             ... on level 4 of the Dungeon.
             The game lasted 00:00:55 (2016 turns).

qw the Skirmisher (Deep Elf Hunter)                 Turns: 2016, Time: 00:00:56

Health: -1/29      AC:  5    Str: 10    XL:     5   Next: 37%
Magic:  7/7        EV: 11    Int: 14    God:
Gold:   57         SH:  0    Dex: 18    Spells: 4/4 levels left

rFire   . . .        Y - +1 shortbow
rCold   . . .        (shield currently unavailable)
rNeg    . . .        e - +0 ring mail
rPois   .            (no helmet)
rElec   .            (no cloak)
rCorr   +            (no gloves)
SInv    +            (no boots)
Will    .....        (no amulet)
Stlth   +            f - ring of resist corrosion
HPRegen 0.24/turn    l - ring of see invisible
MPRegen 0.10/turn

%: no passive effects
@: about to teleport
A: MP-powered wands, noise suppression
a: no special abilities


You were on level 4 of the Dungeon.
You visited 1 branch of the dungeon, and saw 4 of its levels.

You collected 122 gold pieces.
You spent 65 gold pieces at shops.


Innate Abilities, Weirdness & Mutations

You expend magic power (3 MP) to strengthen your wands.
You passively dampen the noise of your surroundings.


   Skills:
 - Level 1.5 Fighting
 + Level 8.9 Ranged Weapons
 - Level 2.4 Dodging
 - Level 1.2 Stealth


You had 4 spell levels left.
You didn't know any spells.
Your spell library was empty.

Inventory:

Hand Weapons
 Y - a +1 shortbow (weapon)
Armour
 e - a +0 ring mail (worn)
Jewellery
 f - a ring of resist corrosion (left hand)
 l - a ring of see invisible (right hand)
Scrolls
 a - 2 scrolls of identify
 j - a scroll of silence {unknown}
Potions
 b - 2 potions of enlightenment
 d - a potion of heal wounds
 g - a potion of brilliance {unknown}
 h - 2 potions of mutation
 i - 2 potions of curing

Dungeon Overview and Level Annotations

Branches:
Dungeon (4/15)
 Temple: D:4-7

Altars:
Ashenzari

Shops:
D:3 ?

Annotations:
D:3 2 transporters


Message History

You are engulfed in a cloud of soporific spores!
You fall asleep.
The sleepcap releases spores at you.
You wake up.
You are engulfed in a cloud of soporific spores!
You are unaffected.
You shoot an arrow.
The arrow hits the sleepcap but does no damage.
The sleepcap releases spores at you.
You shoot an arrow. The arrow hits the sleepcap.
The sleepcap is lightly damaged.
The sleepcap closely misses you.
You shoot an arrow. The arrow hits the sleepcap.
The sleepcap is moderately damaged.
The sleepcap releases spores at you.
You shoot an arrow. The arrow hits the sleepcap.
The sleepcap is heavily damaged.
The sleepcap releases spores at you.
You are engulfed in a cloud of soporific spores!
You are unaffected.
You shoot an arrow. The arrow hits the sleepcap.
The sleepcap is severely damaged.
The sleepcap closely misses you.
You shoot an arrow.
The arrow completely misses the sleepcap.
The sleepcap releases spores at you but does no damage.
You shoot an arrow.
The arrow hits the sleepcap but does no damage.
The sleepcap is severely damaged.
The sleepcap releases spores at you but does no damage.
The sleepcap releases spores at you!
You are engulfed in a cloud of soporific spores!
You fall asleep.
The sleepcap releases spores at you.
You wake up.
You are engulfed in a cloud of soporific spores!
You are unaffected.
2016 ||| READING scroll of teleportation.
As you read the scroll of teleportation, it crumbles to dust.
You feel strangely unstable. The sleepcap releases spores at you.
You die...

######## #####
#......###### ....#
#......#....# ....#
#......#....# ....#
......#....# #..##### ##
....#...## #####..##.##
##f##...#### #..........#
#.@........# #....).....#
#....).....#
#..##....#########....####
#..####'####..####....#
#'###..............>..#
....#.................#
....#.................#
....#....##.....##....#
....#....#########....#


You could see a sleepcap.

Vanquished Creatures
  2 hounds
  An orc wizard (D:4)
  3 adders
  2 worms (D:2)
  A dart slug (D:3)
  5 orcs
  4 bats
  4 endoplasms
  2 giant cockroaches (D:1)
  9 goblins
  3 hobgoblins
  3 kobolds
  3 quokkas (D:2)
  4 ball pythons
  8 frilled lizards
  12 rats
66 creatures vanquished.

Notes
Turn   | Place    | Note
-------+----------+-------------------------------------------
     0 | D:1      | qw the Deep Elf Hunter began the quest for the Orb.
     0 | D:1      | Reached XP level 1. HP: 12/12 MP: 3/3
     0 | D:1      | 0 ||| qw: Version: 0.3-a-9-g12657ce
     0 | D:1      | 0 ||| qw: Game counter: 4055
     0 | D:1      | 0 ||| qw: Always use a shield: true
     0 | D:1      | 0 ||| qw: God list: Okawaru
     0 | D:1      | 0 ||| qw: Allow faded altars: false
     0 | D:1      | 0 ||| qw: Do Orc after D:15 true
     0 | D:1      | 0 ||| qw: Do second Lair branch before Depths: true
     0 | D:1      | 0 ||| qw: Lair rune preference: random
     0 | D:1      | 0 ||| qw: Plans: Normal
     0 | D:1      | 0 ||| PLANNING D:1-11
   146 | D:1      | Reached XP level 2. HP: 16/16 MP: 4/4
   149 | D:1      | Reached skill level 6 in Ranged Weapons
   545 | D:1      | 545 ||| UPGRADING to +0 ring mail.
   555 | D:1      | 555 ||| DROPPING +0 leather armour.
   556 | D:1      | 556 ||| UPGRADING to ring of resist corrosion.
   557 | D:1      | 557 ||| DRINKING 2 smoky pink potions.
   558 | D:1      | 558 ||| DROPPING scroll of butterflies.
   576 | D:2      | Reached XP level 3. HP: 20/20 MP: 5/5
   663 | D:2      | Reached skill level 7 in Ranged Weapons
   915 | D:2      | Found a faded altar of an unknown god.
  1137 | D:2      | 1137 ||| READING scroll labelled YMUDDO HOIZ IPA.
  1138 | D:2      | 1138 ||| READING scroll labelled UGHUTU VAONUR.
  1139 | D:2      | 1139 ||| READING scroll labelled MAUNURHORRI.
  1140 | D:2      | 1140 ||| READING scroll labelled HOPUNKONIM.
  1144 | D:2      | 1144 ||| DRINKING 3 inky potions.
  1145 | D:2      | 1145 ||| DRINKING 2 bubbling sapphire potions.
  1145 | D:2      | Gained mutation: You passively dampen the noise of your
                  | surroundings. [potion of mutation]
  1145 | D:2      | Gained mutation: You expend magic power (3 MP) to
                  | strengthen your wands. [potion of mutation]
  1199 | D:3      | Found Lota's Magic Scroll Boutique.
  1205 | D:3      | 1205 ||| SHOPLISTING 2 scrolls of brand weapon (247 gold,
                  | have 77).
  1205 | D:3      | 1205 ||| SHOPLISTING 2 scrolls of teleportation (78 gold,
                  | have 77).
  1205 | D:3      | 1205 ||| SHOPLISTING scroll of enchant armour (97 gold,
                  | have 77).
  1205 | D:3      | 1205 ||| BUYING scroll of identify (26 gold).
  1205 | D:3      | Bought a scroll of identify for 26 gold pieces
  1205 | D:3      | 1205 ||| BUYING scroll of teleportation (39 gold).
  1205 | D:3      | Bought a scroll of teleportation for 39 gold pieces
  1275 | D:3      | Reached XP level 4. HP: 25/25 MP: 6/6
  1384 | D:3      | Found a transporter.
  1410 | D:3      | Found a transporter.
  1429 | D:3      | 1429 ||| READING scroll labelled DUDUGIA REIM YTI.
  1430 | D:3      | 1430 ||| DRINKING 2 orange potions.
  1473 | D:3      | Found a broken altar of Ashenzari.
  1555 | D:3      | Reached skill level 8 in Ranged Weapons
  1689 | D:3      | 1689 ||| UPGRADING to ring of see invisible.
  1690 | D:3      | 1690 ||| READING scroll labelled SIDIR NUXASAL.
  1691 | D:3      | 1691 ||| DRINKING 2 amethyst potions.
  1692 | D:3      | 1692 ||| DROPPING potion of invisibility.
  1738 | D:4      | Reached XP level 5. HP: 29/29 MP: 7/7
  2014 | D:4      | HP: 3/29 [sleepcap (7)]
  2016 | D:4      | 2016 ||| READING scroll of teleportation.
  2016 | D:4      | Slain by a sleepcap

Levels and vault maps discovered:
D:1:      tarquinn_simple_flora_water_a, layout_loops_ring,
          minmay_rat_gold_closets
D:2:      layout_basic, basic_ecumenical_altar
D:3:      gammafunk_steamed_eel, layout_basic, mainiacjoe_overflow_catwalk,
          serial_shops, shop
D:4:      minmay_clustersquares, layout_gridville, minmay_manual_mail

Skill      XL: |  1  2  3  4 |
---------------+-------------+-----
Ranged Weapons | 6 7 8 |  8.9
Fighting       | |  1.5
Dodging        | |  2.4
Stealth        | |  1.2

Action                     |  1- 3 |  4- 6 || total
---------------------------+-------+-------++-------
   Fire: Shortbow          |   138 |    62 ||   200
    Use: Potion            |     3 |     2 ||     5
         Scroll            |     4 |     3 ||     7
 Armour: Leather armour    |     8 |       ||     8
         Ring mail         |     4 |     7 ||    11
  Dodge: Dodged            |    21 |     7 ||    28

Table legend:
 A = Non-vault XP
 B = Vault XP
 C = Vault XP percentage of total XP
 D = Non-vault monster count
 E = Vault monster count
 F = Vault count percentage of total count
                 A         B        C        D         E       F
            +---------+---------+-------+---------+---------+-------
      Total |     259 |       6 |   2.3 |      60 |       6 |   9.1
            +---------+---------+-------+---------+---------+-------
        D:1 |      28 |       6 |  17.6 |      18 |       6 |  25.0
        D:2 |      51 |       0 |   0.0 |      20 |       0 |   0.0
        D:3 |      90 |       0 |   0.0 |      14 |       0 |   0.0
        D:4 |      90 |       0 |   0.0 |       8 |       0 |   0.0
            +---------+---------+-------+---------+---------+-------
